AoeStats
← martin.fischer.ac

Arena

506891654Analyzed
4v4 RM · 17d ago on Sep 15, 2026· 37m 45s· 8 players
Game mode
Random Map
Map size
Large (8 player)
Population
200
Speed
Normal
Resources
Standard
Victory
Conquest
Starting age
Dark Age
Ending age
Imperial Age
RankedLock teamsTeams togetherTeam positionsShared explorationLock speedFull tech treeHidden civsTurbo modeCheats
Victory
Defeat
🇺🇸 Celts · United States
884
+16
🇩🇪 Britons · Germany
869
+17
🇧🇷 Spanish · Brazil
829
+18
816
+19
🇮🇳 Italians · India
1008
-54
🇮🇳 Aztecs · India
878
-17
🇮🇳 Spanish · India
860
-17
🇮🇳 Turks · India
796
-14
marwenskio
11:04 Feudal Age
16:51 Castle Age
15:44 Double-Bit Axe
15:42 Horse Collar
15:57 Gold Mining
16:03 Stone Mining
20:50 Bow Saw
21:53 Gold Shaft Mining
23:01 Wheelbarrow
23:03 Heavy Plow
25:25 Loom
25:29 Town Watch
I QUIT FOR THE SICK MAP
11:25 Feudal Age
15:06 Castle Age
13:04 Double-Bit Axe
13:05 Horse Collar
16:10 Bow Saw
16:03 Heavy Plow
22:26 Wheelbarrow
21:59 Gold Mining
23:38 Stone Mining
24:45 Scale Mail Armor
24:56 Forging
26:33 Padded Archer Armor
26:25 Fletching
29:19 Imperial Age
26:35 Loom
28:30 Chain Mail Armor
28:21 Squires
28:09 Gambesons
28:17 Arson
28:41 Pikeman
29:38 Treadmill Crane
30:19 Ballistics
30:40 Iron Casting
30:20 Leather Archer Armor
30:01 Bodkin Arrow
31:18 Chemistry
30:47 Elite Samurai
31:54 Hand Cart
33:08 Two-Man Saw
33:12 Conscription
33:29 Hoardings
33:51 Plate Mail Armor
37:02 Blast Furnace
36:34 Ring Archer Armor
36:18 Fortified Wall
Tamor
11:44 Feudal Age
16:17 Castle Age
18:18 Double-Bit Axe
18:16 Horse Collar
24:54 Padded Archer Armor
29:17 Caravan
30:45 Wheelbarrow
30:32 Gold Mining
30:32 Stone Mining
33:28 Imperial Age
30:54 Town Watch
31:37 Ballistics
34:15 Leather Archer Armor
35:36 Chemistry
35:08 Elite Conquistador
36:09 Conscription
martin.fischer.ac
11:11 Feudal Age
15:35 Castle Age
14:51 Double-Bit Axe
14:48 Horse Collar
17:50 Bow Saw
20:11 Wheelbarrow
22:48 Hand Cart
22:19 Loom
22:20 Town Watch
23:21 Gold Mining
25:21 Fortified Wall
26:15 Ballistics
30:18 Imperial Age
28:37 Stone Mining
30:08 Heavy Plow
30:02 Fletching
30:12 Padded Archer Armor
30:26 Forging
31:20 Conscription
30:21 Elite Longbowman
32:09 Warwolf
33:44 Bodkin Arrow
34:41 Bracer
34:57 Leather Archer Armor
34:46 Scale Mail Armor
35:54 Two-Man Saw
0sanity dokutah
12:12 Feudal Age
16:12 Castle Age
14:16 Double-Bit Axe
17:25 Horse Collar
21:09 Loom
27:42 Fletching
27:53 Padded Archer Armor
28:43 Wheelbarrow
27:57 Town Watch
28:50 Caravan
28:58 Gold Mining
28:59 Stone Mining
31:51 Imperial Age
29:44 Hand Cart
29:50 Town Patrol
30:35 Bodkin Arrow
30:55 Leather Archer Armor
31:26 Masonry
31:29 Fortified Wall
31:40 Ballistics
31:23 Murder Holes
33:11 Conscription
34:24 Stone Shaft Mining
33:37 Elite Genoese Crossbowman
35:42 Chemistry
35:13 Architecture
37:36 Pirotechnia
37:20 Man-at-Arms
37:21 Pikeman
38:01 Squires
Rashberrypie
11:20 Feudal Age
13:04 Loom
17:08 Castle Age
22:07 Double-Bit Axe
22:20 Fletching
29:25 Imperial Age
29:48 Wheelbarrow
28:57 Horse Collar
30:02 Bow Saw
31:42 Bodkin Arrow
33:21 Hand Cart
34:23 Town Watch
34:43 Cavalier
35:24 Husbandry
35:34 Bloodlines
36:48 Scale Barding Armor
36:54 Forging
ronin101
12:49 Feudal Age
15:20 Double-Bit Axe
16:44 Gold Mining
16:45 Stone Mining
16:37 Horse Collar
16:56 Fletching
17:10 Padded Archer Armor
18:57 Wheelbarrow
21:04 Castle Age
25:10 Bow Saw
26:26 Caravan
29:03 Ballistics
29:44 Wheelbarrow
33:20 Imperial Age
32:03 Loom
32:33 Hand Cart
35:03 Bombard Tower
35:23 Artillery
35:50 Elite Janissary
simpLest
11:46 Feudal Age
12:22 Double-Bit Axe
12:19 Horse Collar
19:32 Castle Age
19:16 Gold Mining
19:19 Stone Mining
22:00 Stone Shaft Mining
22:02 Gold Shaft Mining
22:12 Scale Mail Armor
22:23 Forging
23:10 Heavy Plow
24:00 Squires
23:51 Arson
25:53 Wheelbarrow
28:23 Imperial Age
26:06 Pikeman
30:59 Conscription
31:00 Garland Wars
31:17 Crop Rotation
31:00 Bow Saw
30:50 Man-at-Arms
31:17 Gambesons
32:13 Iron Casting
31:53 Chain Mail Armor
31:38 Long Swordsman
32:17 Two-Handed Swordsman
34:08 Champion
Connection lost

Rejoining the realm…

Still unreachable

The connection could not be restored.

Session expired

The server has moved on; the page needs a fresh start.